Map: Incorporeal LE

Players

NOTme

  • Race: Protoss Protoss
  • League: Platinum
  • Spawn Location: 11:00

tsAbyss - Winner!

  • Race: Terran Terran
  • Spawn Location: 5:00

VOD

Have the link to the VOD?

Description

Time

  • Played on: May 15, 2025, 10:16 a.m.
  • Length: 11:17
Show
View Real Time Build Order
Export as new Build Order

NOTme Protoss 

Build Orders:  

Get SALT Encoding   

  12  0:00  Probe  
  13  0:13  Probe  
  14  0:21  Pylon  
  14  0:25  Probe  
  15  0:37  Probe  
  15  0:42  Gateway  
  16  0:45  Probe  
  17  0:50  Assimilator  
  17  0:53  Probe  
  17  0:56  Assimilator  
  17  1:03  Probe  
  18  1:08  Pylon  
  18  1:11  Probe  
  20  1:19  Probe  
  21  1:31  Cybernetics Core  
  21  1:32  Probe  
  22  1:39  Zealot  
  24  1:44  Probe  
  25  1:53  Pylon  
  25  1:56  Probe  
  26  2:05  Stalker  
  28  2:08  Probe  
  29  2:17  Twilight Council  
  29  2:20  Probe  
  30  2:31  Stargate  
  30  2:33  Charge  
  30  2:35  Probe  
  31  2:39  Zealot  
  33  2:57  Pylon  
  33  3:06  Zealot  
  33  3:10  Gateway  
  39  3:23  Void Ray  
  39  3:31  Stargate  
  39  3:35  Zealot  
  41  3:55  Pylon  
  41  4:01  Zealot  
  47  4:06  Void Ray  
  47  4:11  Pylon  
  47  4:13  Zealot  
  53  4:28  Zealot  
  53  4:29  Void Ray  
  55  4:48  Zealot  
  53  4:58  Zealot  
  47  5:06  Void Ray  
  47  5:16  Zealot  
  51  5:25  Void Ray, Zealot  
  47  5:39  Nexus  
  47  5:45  Probe  
  48  5:53  Zealot  
  48  5:55  Zealot  
  52  5:58  Probe  
  53  6:10  Probe  
  54  6:20  Zealot  
  54  6:22  Zealot, Probe  
  59  6:34  Probe  
  60  6:42  Pylon  
  62  6:57  Void Ray  
  48  7:03  Probe x2  
  50  7:13  Zealot x2  
  50  7:15  Probe  
  55  7:16  Probe  
  56  7:27  Probe  
  56  7:28  Probe  
  58  7:30  Nexus  
  58  7:38  Forge  
  58  7:41  Forge  
  58  7:49  Zealot x2  
  62  7:59  Robotics Facility  
  62  8:02  Gateway  
  62  8:05  Gateway  
  62  8:21  Zealot x2  
  62  8:26  Probe  
  67  8:27  Probe  
  68  8:38  Probe  
  68  8:39  Probe  
  70  8:42  Probe  
  71  8:50  Probe  
  71  8:51  Photon Cannon, Probe  
  71  8:53  Pylon  
  71  8:55  Photon Cannon, Probe  
  74  8:58  Shield Battery  
  74  9:02  Probe  
  75  9:03  Probe  
  75  9:05  Zealot x2  
  75  9:07  Probe  
  75  9:09  Zealot  
  83  9:11  Zealot  
  83  9:15  Probe  
  83  9:16  Probe  
  87  9:19  Probe  
  88  9:32  Zealot x2  
Show
View Real Time Build Order
Export as new Build Order

tsAbyss Terran - Winner!

Build Orders:  

Get SALT Encoding   

  12  0:00  SCV  
  13  0:12  SCV  
  14  0:17  Supply Depot  
  14  0:24  SCV  
  15  0:38  SCV  
  15  0:40  Barracks  
  15  0:42  Barracks  
  16  0:50  SCV  
  17  0:57  Refinery  
  17  1:03  SCV  
  18  1:15  SCV  
  19  1:32  Orbital Command  
  19  1:40  Command Center  
  19  1:43  Barracks Reactor  
  19  1:49  Supply Depot  
  19  1:57  SCV  
  20  2:10  SCV  
  21  2:16  Bunker  
  21  2:22  SCV  
  22  2:23  Barracks  
  22  2:25  Barracks  
  22  2:27  Marine  
  22  2:29  Marine  
  24  2:34  SCV  
  25  2:44  Marine  
  25  2:46  Marine, SCV  
  28  2:54  Orbital Command  
  28  2:58  SCV  
  29  3:04  Marine x2  
  31  3:13  SCV  
  31  3:15  Barracks Tech Lab x2  
  32  3:21  SCV  
  32  3:25  SCV  
  34  3:31  Engineering Bay  
  34  3:32  Marine x2  
  36  3:35  Combat Shield  
  36  3:36  Stimpack  
  36  3:40  Marauder  
  38  3:43  Marine  
  38  3:44  SCV  
  38  3:45  SCV  
  41  3:50  Marine x2  
  43  3:56  SCV  
  43  3:57  SCV  
  43  4:01  Missile Turret, Marine  
  43  4:02  Missile Turret  
  46  4:12  Supply Depot  
  46  4:14  Marine x2  
  48  4:20  Supply Depot  
  48  4:21  Missile Turret, SCV x2, Supply Depot  
  48  4:22  Marine  
  51  4:27  Terran Infantry Weapons Level 1  
  51  4:31  Marine  
  51  4:33  Marine, SCV  
  51  4:35  Marine  
  55  4:44  Supply Depot  
  47  4:56  Marine x4  
  44  5:14  Marine x4  
  43  5:31  Marine x2, SCV x2  
  43  5:32  Marauder  
  43  5:33  Marauder  
  51  5:36  Refinery  
  51  5:39  Refinery  
  51  5:44  Missile Turret, SCV x2  
  51  5:45  Supply Depot  
  51  5:47  Concussive Shells  
  51  5:49  Marine x2  
  55  5:54  Marauder x2  
  55  5:55  Factory  
  59  6:00  Engineering Bay  
  59  6:07  Marine x2, SCV x2  
  59  6:08  Supply Depot  
  63  6:15  Marine, Marauder  
  66  6:21  SCV x2  
  66  6:25  Marine x2  
  70  6:27  Terran Infantry Armor Level 1  
  70  6:30  Supply Depot  
  70  6:32  Barracks  
  70  6:34  Barracks  
  70  6:39  Marauder  
  74  6:40  Marauder  
  74  6:42  Factory Reactor  
  74  6:43  Marine x2  
  76  6:48  Starport  
  76  6:54  Supply Depot  
  74  7:00  Marine  
  67  7:09  Marine  
  67  7:10  Marine x2  
  70  7:18  Marine  
  70  7:19  Barracks Tech Lab  
  70  7:21  Barracks Reactor  
  71  7:30  Factory Reactor  
  71  7:32  Marine x2  
  71  7:33  Marauder  
  71  7:36  Marauder  
  77  7:38  Marine  
  78  7:46  Armory  
  78  7:50  Command Center, Marine x2  
  67  7:51  Medivac x2  
  80  7:54  Marauder  
  80  7:56  Marauder  
  80  7:58  Marauder  
  90  8:03  Supply Depot x2  
  90  8:08  Marine x2  
  90  8:10  Widow Mine x2  
  96  8:22  Marauder x2  
  96  8:23  Marauder  
  96  8:26  Medivac  
  104  8:28  Medivac  
  104  8:31  Widow Mine x2  
  110  9:02  Marine x2  
  112  9:03  Marine x3, Marauder x2  
  112  9:06  Widow Mine x2  
  112  9:07  Medivac x2  
  127  9:18  SCV x2  
  127  9:20  Marine  
Tags
 
Add a new tag
Caveats
  • Supply blocks, unpowered buildings, or Contaminate may cause inaccurate times.
  • Supply counts are checked every 10 seconds.